 Dungeon Crawl Stone Soup version 0.19.5 (webtiles) character file.

262588 MirrMurr the Unseen (level 20, -29/140 HPs)
             Began as a Kobold Berserker on Mar 2, 2017.
             Was a High Priest of Trog.
             Annihilated by an Ice Fiend (36 damage)
             ... summoned by a lich
             ... on level 3 of the Depths on Mar 3, 2017.
             The game lasted 03:43:34 (49541 turns).

MirrMurr the Unseen (Kobold Berserker)             Turns: 49541, Time: 03:43:35

Health: -29/140    AC: 16    Str: 23    XL:     20   Next: 81%
Magic:  22/22      EV: 35    Int:  8    God:    Trog [*****.]
Gold:   2859       SH:  0    Dex: 19    Spells: 0 memorised, 19 levels left

rFire  . . .     SeeInvis .     w - +5 hand crossbow (freeze)
rCold  . . .     Gourm    .     u - +2 swamp dragon scales
rNeg   . . .     Faith    .     I - +2 buckler {reflect}
rPois  +         Spirit   .     y - +1 hat
rElec  .         Reflect  +     s - +0 cloak
rCorr  .         Harm     .     U - +0 pair of gloves
MR     ++...                    (no boots)
Stlth  ++........               n - amulet of regeneration
                                Y - +5 ring of evasion
                                f - ring of protection from magic

@: confused
A: horns 1, agile 1, carnivore 3, mutation resistance 1, slow regeneration 1,
strong 1
a: Berserk, Trog's Hand, Brothers in Arms, Burn Spellbooks, Renounce Religion
}: 2/15 runes: decaying, gossamer


You were on level 3 of the Depths.
You worshipped Trog.
Trog was extremely pleased with you.
You were completely stuffed.

You visited 7 branches of the dungeon, and saw 35 of its levels.

You collected 3723 gold pieces.
You spent 864 gold pieces at shops.

Inventory:

Hand Weapons
 a - a +6 quick blade of freezing
 b - the +3 dagger "Acragyxo" {protect, SInv}
   (You found it on level 6 of the Lair of Beasts)

   It protects the one who uses it against injury (+AC on strike).
   It lets you see invisible.
 w - a +5 hand crossbow of freezing (weapon)
Missiles
 t - 414 bolts (quivered)
 K - a throwing net
Armour
 s - a +0 cloak (worn)
 u - +2 swamp dragon scales (worn)
 y - a +1 hat (worn)
 I - a +2 buckler of reflection (worn)
 U - a +0 pair of gloves (worn)
Jewellery
 f - a ring of protection from magic (left hand)
 n - an amulet of regeneration (around neck)
 B - the ring "Nofepn" {rF+ Int+3}
   (You found it on level 13 of the Dungeon)

   [ring of protection from fire]

   It affects your intelligence (+3).
   It protects you from fire.
 S - an uncursed ring of resist corrosion
 V - an uncursed ring of protection from cold
 Y - a +5 ring of evasion (right hand)
Wands
 e - a wand of digging (15/24)
 C - a wand of teleportation (5/9)
 L - a wand of teleportation (5/9)
 W - a wand of disintegration (14/24)
Scrolls
 h - 7 scrolls of teleportation
 j - 2 scrolls of holy word
 k - 2 scrolls of identify
 l - 2 scrolls of enchant armour
 m - 2 scrolls of fear
 r - 10 scrolls of remove curse
 v - 3 scrolls of recharging
 E - a scroll of silence
 H - 4 scrolls of fog
 X - 2 scrolls of magic mapping
Potions
 o - 2 potions of might
 z - 4 potions of agility
 D - 4 potions of berserk rage
 F - 12 potions of curing
 J - 3 potions of resistance
 P - a potion of flight
 Q - 2 potions of ambrosia
 R - a potion of invisibility
Miscellaneous
 i - a sack of spiders
 N - a disc of storms
 O - a phial of floods
Comestibles
 c - 16 meat rations
 d - 3 chunks of flesh
 g - 8 beef jerkies
 x - 2 royal jellies
 A - 8 slices of pizza


   Skills:
 + Level 19.6 Fighting
 - Level 15.7 Short Blades
 - Level 10.2 Crossbows
 + Level 9.9 Armour
 + Level 18.8 Dodging
 + Level 20.9 Stealth
 - Level 5.8 Shields
 - Level 2.8 Evocations


You had 19 spell levels left.
You didn't know any spells.

Dungeon Overview and Level Annotations

Branches:
Dungeon (15/15)            Temple (1/1) D:4            Lair (6/6) D:8
  Swamp (4/4) Lair:4       Spider (4/4) Lair:4        Slime (0/5) Lair:6
    Orc (2/2) D:11            Elf (0/3) Orc:2        Vaults (0/5) D:14
 Depths (3/5) D:15

Altars:
Dithmenos
Gozag
Nemelex Xobeh
Qazlal
Ru
Trog
Yredelemnul
The Shining One
Jiyva

Shops:
D:6 *   Orc:2 ([[*

Portals:
Hell: Depths:1
Abyss: Depths:1
Pandemonium: Depths:1
Trove: D:13 (show slimy rune of Zot)

Annotations:
Depths:2 1 exclusion


Innate Abilities, Weirdness & Mutations

You are small and have problems with some larger weapons.
You are carnivorous and can eat meat at any time.
You have a pair of small horns on your head.
You are agile. (Dex +2)
You are somewhat resistant to further mutation.
You regenerate slowly when monsters are visible.
Your muscles are strong. (Str +2)


Message History

You're too confused to move!
The Ice Fiend calls on the powers of darkness!
Your body is wracked with pain!
* * * LOW HITPOINT WARNING * * *
The lich misses you.
Unknown command.
The lich mumbles some strange words.
The lich flickers and vanishes!
Deactivating autopickup; reactivate with Ctrl-A.
The green death hits you but does no damage.
The Ice Fiend calls on the powers of darkness!
Your body is wracked with pain!
* * * LOW HITPOINT WARNING * * *
You hear some strange, mumbled words.
The green death completely misses you.
Unknown command.
The Ice Fiend claws you!
* * * LOW HITPOINT WARNING * * *
The Ice Fiend freezes you!!!
You die...

## #.####
#.@..# #1{22#
##((.)#
#..(..#
##...(#
#....#
##..(#####
#....(...####
#...##<...?.#


You could see an Ice Fiend, a green death and a blizzard demon.

Vanquished Creatures
  A lich (Depths:1)
  A thorn hunter (Swamp:4)
  A storm dragon (D:13)
  Kirke (D:14)
  3 fire giants (Depths:1)
  A frost giant (Depths:3)
  3 ghost moths
  2 emperor scorpions
  4 stone giants (Depths:1)
  9 very ugly things
  An entropy weaver (Spider:2)
  5 ettins
  2 green deaths (Swamp:4)
  2 spark wasps
  3 fire dragons
  A crystal guardian (Depths:2)
  A death ooze (Swamp:4)
  Josephine (Swamp:1)
  Erolcha (D:13)
  Fannar (Lair:1)
  2 hell beasts (Swamp:4)
  Erica (D:11)
  3 ice dragons
  19 hydras
  8 vault guards
  A death knight (D:9)
  A ghost crab (shapeshifter) (Depths:2)
  A catoblepas (D:14)
  2 ghost crabs
  3 centaur warriors
  11 alligators
  7 death yaks
  4 tengu warriors
  4 ogre magi
  2 orc high priests
  A thrashing horror (Swamp:4)
  A deep troll earth mage (Depths:1)
  2 dancing weapons (Depths:2)
  Sonja (Lair:2)
  2 sixfirhies (Depths:1)
  A glowing orange brain (Depths:2)
  A deep troll (shapeshifter) (Depths:1)
  8 hill giants
  2 flayed ghosts
  7 deep trolls
  8 swamp dragons
  A wizard (D:15)
  4 orc knights
  17 orb spiders
  An orb spider (shapeshifter) (Depths:1)
  A phantasmal warrior (D:14)
  3 shambling mangroves
  36 wolf spiders
  4 orc sorcerers
  19 ugly things
  2 manticores
  3 deep elf magi
  A cyclops (shapeshifter) (Depths:2)
  3 cyclopes
  15 elephants
  A black mamba (shapeshifter) (Depths:1)
  8 black mambas
  Joseph (D:8)
  A torpor snail (shapeshifter) (Depths:2)
  4 gargoyles
  2 moths of wrath
  3 torpor snails
  Maurice (D:8)
  An orange demon (Depths:1)
  15 spiny frogs
  A hellion (Depths:1)
  A freezing wraith (D:14)
  6 komodo dragons
  2 kobold demonologists
  17 demonic crawlers
  A red devil (Depths:1)
  12 yaktaurs
  3 tengu conjurers
  44 jumping spiders
  A merfolk (shapeshifter) (Depths:2)
  15 trolls
  17 hornets
  19 two-headed ogres
  4 tyrant leeches
  10 bog bodies
  17 blink frogs
  5 polar bears
  A wind drake (Depths:2)
  A dream sheep (shapeshifter) (D:15)
  A large abomination (Swamp:4)
  23 slime creatures
  11 dream sheep
  17 hippogriffs
  3 air elementals (Depths:2)
  17 spriggans
  7 water elementals (Depths:2)
  A centaur simulacrum (D:14)
  82 redbacks
  9 shadows
  28 tarantellas
  6 wraiths
  2 wyverns
  41 yaks
  2 fire elementals
  2 hogs (D:14)
  A small abomination (Swamp:4)
  The ghost of maxonian the Sneak, an amateur NaCj (D:3)
  A steam dragon (D:7)
  A basilisk (shapeshifter) (D:13)
  4 hungry ghosts
  24 vampire mosquitoes
  5 wargs
  23 swamp worms
  10 insubstantial wisps
  A soldier ant (D:12)
  13 water moccasins
  A floating eye (shapeshifter) (Depths:2)
  10 porcupines
  3 black bears
  3 swamp drakes (Swamp:1)
  6 ice beasts
  23 orc warriors
  6 sky beasts
  An eye of draining (D:8)
  49 ogres
  8 boggarts
  9 centaurs
  30 wolves
  A necrophage (D:12)
  4 phantoms
  21 crocodiles
  5 big kobolds
  18 bullfrogs
  2 wyvern zombies
  A gnoll sergeant (D:12)
  The ghost of misty the Cudgeler, a weakling OgBe of Trog (D:4)
  2 earth elementals (Depths:2)
  6 scorpions
  A troll zombie (D:11)
  27 killer bees
  13 wights
  2 howler monkeys
  3 electric eels
  3 bullfrog zombies
  8 crimson imps
  A quasit (D:7)
  14 orc priests
  6 jellies
  6 centaur zombies
  Crazy Yiuf (D:3)
  3 bullfrog skeletons
  4 centaur skeletons
  6 hounds
  21 orc wizards
  10 iguanas
  Jessica (D:3)
  Natasha (thrice) (D:3)
  15 worker ants
  7 ogre zombies (D:11)
  3 hound skeletons
  A worker ant zombie (D:7)
  7 gnolls
  17 adders
  5 shadow imps
  An adder zombie (D:9)
  2 worms
  3 dart slugs
  5 leopard geckos
  86 orcs
  4 ball pythons
  7 bats
  4 giant cockroaches
  5 goblins
  5 hobgoblins
  21 jackals
  2 quokkas
  8 frilled lizards
  4 goblin zombies (D:11)
  A hobgoblin zombie (D:11)
  2 jackal skeletons
  19 kobolds
  A leopard gecko zombie (D:6)
  3 orc skeletons (D:11)
  17 orc zombies (D:11)
  4 rats
  A fungus (D:8)
1410 creatures vanquished.

Vanquished Creatures (collateral kills)
  Saint Roka (Orc:2)
  A ghost moth (Spider:4)
  3 emperor scorpions (Spider:4)
  An entropy weaver (Spider:2)
  3 hornets (Spider:4)
  3 redbacks (Spider:1)
12 creatures vanquished.

Vanquished Creatures (others)
  2 yaktaurs (Depths:1)
  An air elemental (Depths:2)
  3 humans (D:14)
  3 orc warriors (Orc:2)
  A centaur (D:15)
  An orc wizard (D:14)
  4 orcs
  7 briar patches (Swamp:4)
  18 fungi
  8 plants
48 creatures vanquished.

Grand Total: 1470 creatures vanquished

Notes
Turn   | Place    | Note
-------+----------+-------------------------------------------
     0 | D:1      | MirrMurr the Kobold Berserker began the quest for the Orb.
     0 | D:1      | Reached XP level 1. HP: 14/14 MP: 1/1
    61 | D:1      | Reached XP level 2. HP: 18/19 MP: 2/2
   594 | D:1      | Reached XP level 3. HP: 10/24 MP: 3/3
   784 | D:1      | Reached skill level 1 in Stealth
  1012 | D:2      | Reached ** piety under Trog
  1092 | D:2      | Found a faded altar of an unknown god.
  1610 | D:3      | Reached XP level 4. HP: 20/29 MP: 4/4
  1953 | D:3      | Reached skill level 5 in Short Blades
  2081 | D:3      | Found a runed door.
  2085 | D:3      | Noticed Crazy Yiuf
  2094 | D:3      | Killed Crazy Yiuf
  2094 | D:3      | Reached skill level 2 in Stealth
  2315 | D:3      | Noticed maxonian's ghost (amateur NaCj)
  2336 | D:3      | Killed maxonian's ghost
  2336 | D:3      | Reached skill level 3 in Stealth
  2336 | D:3      | Reached XP level 5. HP: 34/34 MP: 5/5
  2336 | D:3      | Reached XP level 6. HP: 39/39 MP: 6/6
  2484 | D:3      | Noticed an ogre
  2498 | D:3      | Killed an ogre
  2500 | D:3      | Reached XP level 7. HP: 33/44 MP: 7/7
  2648 | D:3      | Reached skill level 4 in Stealth
  2721 | D:3      | Noticed Jessica
  2857 | D:3      | Noticed Natasha
  2873 | D:3      | Killed Jessica
  2879 | D:3      | Killed Natasha
  2882 | D:3      | Reached *** piety under Trog
  3015 | D:3      | Noticed Natasha
  3022 | D:3      | Killed Natasha
  3022 | D:3      | Reached skill level 5 in Dodging
  3060 | D:3      | Noticed Natasha
  3070 | D:3      | Killed Natasha
  3070 | D:3      | Reached skill level 5 in Fighting
  3428 | D:4      | Noticed misty's ghost (weakling OgBe)
  3768 | D:4      | Reached XP level 8. HP: 49/49 MP: 8/8
  3810 | D:4      | Killed misty's ghost
  3810 | D:4      | Reached skill level 5 in Stealth
  4025 | D:4      | Found a staircase to the Ecumenical Temple.
  4032 | Temple   | Entered the Ecumenical Temple
  4728 | D:5      | Entered Level 5 of the Dungeon
  4764 | D:5      | Reached **** piety under Trog
  4791 | D:5      | Reached skill level 6 in Stealth
  5063 | D:5      | Reached XP level 9. HP: 42/55 MP: 9/9
  5598 | D:6      | Reached skill level 7 in Stealth
  5629 | D:6      | Reached skill level 10 in Short Blades
  5795 | D:6      | Identified a -3 rod of inaccuracy (12/12) (You found it on level 6 of the Dungeon)
  6577 | D:6      | Found Izuss's Assorted Antiques.
  6583 | D:6      | Bought a scroll labeled BOISCH PICUN for 27 gold pieces
  6583 | D:6      | Bought a scroll labeled YZESCHE ROKAM for 27 gold pieces
  6583 | D:6      | Bought a scroll labeled JAETSAF NITYQI for 27 gold pieces
  6583 | D:6      | Bought a scroll labeled JORUUP IRCHUXI for 27 gold pieces
  6583 | D:6      | Bought a scroll of identify for 54 gold pieces
  6583 | D:6      | Bought a scroll of identify for 54 gold pieces
  6724 | D:6      | Found a bloodstained altar of Trog.
  6833 | D:7      | Reached skill level 8 in Stealth
  6992 | D:7      | thaaaaaaaaaaaank you
  7012 | D:7      | Reached XP level 10. HP: 61/63 MP: 10/10
  7034 | D:7      | Reached ***** piety under Trog
  7634 | D:7      | Found a sparkling altar of Nemelex Xobeh.
  7790 | D:7      | Got a smoking ring mail
  7801 | D:7      | Identified the +2 ring mail of Integrity {-Tele rF+++ Int-3 Dex+3} (You found it on level 7 of the Dungeon)
  8054 | D:8      | Noticed Joseph
  8057 | D:8      | Reached skill level 9 in Stealth
  8088 | D:8      | Killed Joseph
  8355 | D:8      | Found a staircase to the Lair.
  8741 | D:9      | Found a shadowy altar of Dithmenos.
  8822 | D:9      | Reached XP level 11. HP: 69/69 MP: 11/11
  8946 | D:9      | Noticed Maurice
  8958 | D:8      | Killed Maurice
  9021 | D:8      | Reached skill level 10 in Stealth
  9086 | D:9      | Noticed a death knight
  9247 | D:9      | Received a gift from Trog
  9402 | D:9      | Killed a death knight
  9619 | D:10     | Entered Level 10 of the Dungeon
  9627 | D:10     | Gained mutation: You have a pair of small horns on your head. [potion of beneficial mutation]
 10125 | D:10     | Noticed a hill giant
 10140 | D:10     | Killed a hill giant
 10140 | D:10     | Reached skill level 10 in Dodging
 10569 | D:11     | Noticed a hill giant
 10576 | D:11     | Killed a hill giant
 10859 | D:11     | Reached skill level 11 in Stealth
 10906 | D:11     | Noticed Erica
 10910 | D:11     | Noticed a manticore
 10919 | D:11     | Killed Erica
 10919 | D:11     | Reached XP level 12. HP: 76/76 MP: 12/12
 10924 | D:11     | Received a gift from Trog
 11130 | D:11     | Found a staircase to the Orcish Mines.
 11947 | Lair:1   | Entered Level 1 of the Lair of Beasts
 12131 | Lair:1   | Reached skill level 10 in Fighting
 12138 | Lair:1   | Reached skill level 5 in Armour
 12303 | Lair:1   | Noticed Fannar
 12319 | Lair:1   | Killed Fannar
 12644 | Lair:2   | Noticed Sonja
 12723 | Lair:2   | Killed Sonja
 12736 | Lair:2   | Reached skill level 12 in Stealth
 13536 | Lair:3   | Received a gift from Trog
 13569 | Lair:3   | Noticed a five-headed hydra
 13655 | Lair:2   | Killed a five-headed hydra
 13655 | Lair:2   | Reached XP level 13. HP: 61/84 MP: 13/13
 14743 | Lair:4   | Noticed a six-headed hydra
 15154 | Lair:4   | Killed a six-headed hydra
 15413 | Lair:4   | Reached skill level 13 in Stealth
 15655 | Lair:4   | Found a staircase to the Swamp.
 15941 | Lair:4   | Found a hole to the Spider Nest.
 16724 | Lair:5   | Noticed a six-headed hydra
 16764 | Lair:5   | Killed a six-headed hydra
 16855 | Lair:5   | Noticed a six-headed hydra
 16862 | Lair:5   | Killed a six-headed hydra
 16942 | Lair:5   | Reached XP level 14. HP: 71/92 MP: 14/14
 16972 | Lair:5   | Reached skill level 15 in Short Blades
 18051 | Lair:6   | Entered Level 6 of the Lair of Beasts
 18066 | Lair:6   | Got a warped dagger
 18080 | Lair:6   | Identified the cursed +3 dagger "Acragyxo" {protect, SInv} (You found it on level 6 of the Lair of Beasts)
 18320 | Lair:6   | Reached skill level 14 in Stealth
 18334 | Lair:6   | Received a gift from Trog
 18941 | Lair:6   | Identified the Incunabulum of Supportive Dislocation
 19183 | Lair:6   | Received a gift from Trog
 19208 | Lair:6   | Got a pitted demon trident {god gift}
 19294 | Lair:6   | Reached skill level 1 in Shields
 19337 | Lair:6   | Reached XP level 15. HP: 93/100 MP: 15/15
 19778 | Lair:6   | Found a staircase to the Slime Pits.
 19778 | Lair:6   | Found a viscous altar of Jiyva.
 20282 | Lair:1   | Identified the +6 demon trident "Xihenis" {drain, rN+ MR+ Dex+6} (Trog gifted it to you on level 6 of the Lair of Beasts)
 21390 | D:12     | Received a gift from Trog
 21410 | D:12     | Reached skill level 15 in Stealth
 21424 | D:12     | Got a pitted dagger {god gift}
 21425 | D:12     | Identified the +11 dagger of Woe {freeze, +Fly Dex+4} (Trog gifted it to you on level 12 of the Dungeon)
 21802 | D:13     | Got a vibrating ivory ring
 21803 | D:13     | Identified the ring "Nofepn" {rF+ Int+3} (You found it on level 13 of the Dungeon)
 22053 | D:13     | Reached skill level 15 in Fighting
 22144 | D:13     | Noticed Erolcha
 22170 | D:13     | Killed Erolcha
 22614 | D:13     | Found a runed door.
 22616 | D:13     | Noticed a storm dragon
 22633 | D:13     | Killed a storm dragon
 22675 | D:13     | Found a portal to a secret trove of treasure.
 22863 | D:14     | Found a gate to the Vaults.
 22943 | D:13     | Reached skill level 1 in Crossbows
 23303 | D:14     | Noticed Kirke
 23344 | D:14     | Killed Kirke
 23344 | D:14     | Received a gift from Trog
 23363 | D:14     | Reached XP level 16. HP: 97/108 MP: 16/16
 24600 | D:15     | Entered Level 15 of the Dungeon
 24787 | D:15     | Found a sacrificial altar of Ru.
 24871 | D:15     | Reached skill level 16 in Stealth
 25086 | D:15     | Reached ****** piety under Trog
 25493 | D:15     | Found an opulent altar of Gozag.
 25773 | D:15     | Received a gift from Trog
 25992 | D:15     | Reached skill level 5 in Crossbows
 26031 | D:15     | Found a staircase to the Depths.
 26075 | D:15     | Reached skill level 5 in Shields
 26199 | Orc:1    | Entered Level 1 of the Orcish Mines
 26280 | D:11     | Received a gift from Trog
 26547 | D:6      | Bought a jewelled scimitar for 243 gold pieces
 26547 | D:6      | Identified the cursed +2 scimitar "Worm's Wrath" {flame, *Corrode rPois rC+ Int+4} (You bought it in a shop on level 6 of the Dungeon)
 26795 | Orc:1    | Reached skill level 15 in Dodging
 27292 | Orc:2    | Entered Level 2 of the Orcish Mines
 27295 | Orc:2    | Found a staircase to the Elven Halls.
 27405 | Orc:2    | Noticed Saint Roka
 27623 | Orc:2    | Found Jiraib's Antique Weapon Boutique.
 27669 | Orc:2    | Found Ginen's Armour Boutique.
 27696 | Orc:2    | Paralysed by an ogre mage for 3 turns
 27874 | Orc:1    | Reached XP level 17. HP: 106/115 MP: 17/17
 27879 | Orc:1    | Received a gift from Trog
 28076 | Orc:2    | Paralysed by an ogre mage for 7 turns
 28923 | Orc:2    | Killed Saint Roka
 29038 | Orc:2    | Found Daxzea's Armour Shoppe.
 29047 | Orc:2    | Found Xomilet's General Store.
 29067 | Orc:2    | Bought a scroll of identify for 32 gold pieces
 29067 | Orc:2    | Bought a scroll of enchant armour for 120 gold pieces
 29220 | Orc:2    | Bought a +3 scale mail of poison resistance for 253 gold pieces
 29489 | Swamp:1  | Entered Level 1 of the Swamp
 29491 | Swamp:1  | Noticed Josephine
 29500 | Swamp:1  | Killed Josephine
 29981 | Swamp:1  | Reached skill level 17 in Stealth
 33868 | Swamp:1  | Received a gift from Trog
 33952 | Spider:1 | Entered Level 1 of the Spider Nest
 34459 | Spider:1 | Reached XP level 18. HP: 82/123 MP: 18/18
 34890 | Spider:1 | Reached skill level 18 in Stealth
 35999 | Spider:2 | HP: 9/186 [wolf spider (11)]
 36270 | Spider:2 | Received a gift from Trog
 37227 | Spider:2 | Reached skill level 10 in Crossbows
 38127 | Spider:3 | Reached skill level 1 in Evocations
 38693 | Swamp:4  | Entered Level 4 of the Swamp
 39052 | Swamp:4  | Received a gift from Trog
 39596 | Swamp:4  | Received a gift from Trog
 39692 | Swamp:4  | Reached skill level 19 in Stealth
 39936 | Swamp:4  | Reached XP level 19. HP: 95/130 MP: 21/21
 40851 | Swamp:4  | Got a decaying rune of Zot
 41594 | D:14     | Got a translucent arbalest
 41595 | D:14     | Identified the +10 arbalest of the Inquisitive Curses {penet, MP+9} (You found it on level 14 of the Dungeon)
 41931 | Spider:4 | Entered Level 4 of the Spider Nest
 42755 | Spider:4 | Received a gift from Trog
 44147 | Spider:4 | Received a gift from Trog
 44150 | Spider:4 | Got a dazzling dagger {god gift}
 44151 | Spider:4 | Identified the +8 dagger "Nide Ofeh" {venom, *Noise rElec MR++ Str+4} (Trog gifted it to you on level 4 of the Spider Nest)
 44497 | Spider:4 | Got a gossamer rune of Zot
 45361 | Lair:1   | Gained mutation: You are agile. (Dex +2) [potion of mutation]
 45361 | Lair:1   | Gained mutation: You regenerate slowly when monsters are visible. [potion of mutation]
 45361 | Lair:1   | Gained mutation: Your muscles are strong. (Str +2) [potion of mutation]
 45601 | Lair:1   | Gained mutation: You are somewhat resistant to further mutation. [potion of mutation]
 45761 | Depths:1 | Entered Level 1 of the Depths
 45828 | Depths:1 | Reached skill level 20 in Stealth
 45828 | Depths:1 | Reached XP level 20. HP: 139/139 MP: 22/22
 45943 | Depths:1 | Found a one-way gate leading to the halls of Pandemonium.
 46366 | Depths:1 | Found a one-way gate to the infinite horrors of the Abyss.
 47145 | Depths:1 | Noticed a lich
 47151 | Depths:1 | Killed a lich
 47768 | Depths:1 | Found a gateway to Hell.
 48835 | Depths:2 | Received a gift from Trog
 49528 | Depths:3 | Noticed an Ice Fiend
 49541 | Depths:3 | HP: 7/140 [Ice Fiend[a lich] (9)]
 49541 | Depths:3 | Annihilated by an Ice Fiend

Skill      XL: |  1  2  3  4  5  6  7  8  9 10 11 12 13 14 15 16 17 18 19 |
---------------+----------------------------------------------------------+-----
Stealth        | 1 3 4 6 8 9 11 12 13 14 15 16 17 19 20 | 20.9
Dodging        | 3 4 5 6 7 9 10 11 12 13 14 15 16 17 18 | 18.8
Short Blades   | 6 7 9 11 12 13 14 15 | 15.7
Fighting       | 4 5 7 8 9 11 12 14 15 16 17 18 19 | 19.6
Armour         | 2 4 5 6 7 9 |  9.9
Shields        | 1 3 5 |  5.8
Crossbows      | 2 5 8 10 | 10.2
Evocations     | 2 |  2.8

Action                   |  1- 3 |  4- 6 |  7- 9 | 10-12 | 13-15 | 16-18 | 19-21 || total
-------------------------+-------+-------+-------+-------+-------+-------+-------++-------
Melee: Short sword       |    74 |       |   106 |   755 |    23 |       |       ||   958
       Dagger            |    31 |    80 |   377 |     4 |       |       |   196 ||   688
       Headbutt          |       |       |       |    71 |   511 |   770 |   586 ||  1938
       Quick blade       |       |       |       |       |  1717 |  2813 |  1587 ||  6117
       Rapier            |       |       |       |       |    12 |       |       ||    12
 Fire: Hunting sling     |       |       |       |    19 |    16 |       |       ||    35
       Blowgun           |       |       |       |     4 |    22 |    19 |     2 ||    47
       Hand crossbow     |       |       |       |       |     6 |   199 |   231 ||   436
Throw: Tomahawk          |       |     1 |     2 |     8 |     3 |     3 |       ||    17
Invok: Berserk           |     1 |     3 |     1 |     6 |    12 |    13 |     8 ||    44
       Trog's Hand       |       |     1 |     3 |     8 |     8 |    15 |    11 ||    46
       Burn Spellbooks   |       |       |       |     1 |     3 |     2 |     1 ||     7
       Brothers in Arms  |       |       |       |     1 |       |     4 |     2 ||     7
Evoke: Wand              |       |       |       |       |       |     9 |       ||     9
  Use: Scroll            |       |       |    15 |    12 |    18 |    12 |     7 ||    64
       Potion            |       |       |       |     2 |     2 |     5 |    10 ||    19
 Stab: Sleeping          |       |       |    10 |    32 |    25 |    31 |    12 ||   110
       Distracted        |       |       |     4 |     8 |     6 |    12 |     4 ||    34
       Invisible         |       |       |       |       |     4 |       |       ||     4
       Petrified         |       |       |       |       |       |     2 |       ||     2
  Eat: Chunk             |    12 |     4 |    18 |    33 |    46 |    75 |    45 ||   233
Armor: Animal skin       |    20 |     6 |     4 |       |       |       |       ||    30
       Scale mail        |       |       |    61 |     8 |       |    12 |       ||    81
       Leather armour    |       |       |     4 |       |       |       |       ||     4
       Steam dragon scal |       |       |       |    22 |       |       |       ||    22
       Troll leather arm |       |       |       |    45 |    86 |    53 |       ||   184
       Swamp dragon scal |       |       |       |       |       |   161 |   202 ||   363
Dodge: Dodged            |    73 |    45 |   234 |   485 |   672 |  1491 |  1494 ||  4494
Block: Buckler           |       |       |       |       |   100 |   677 |   491 ||  1268
       Reflection        |       |       |       |       |     1 |    20 |    14 ||    35
